 Dungeon Crawl Stone Soup version 0.30-a0-509-gd016549fea (webtiles) character file.

Game seed: 4450988783856315918

6 IdlyInterested the Trooper (level 1, 0/18 HPs)
             Began as a Demonspawn Fighter on Dec 22, 2022.
             Succumbed to a kobold's poison
             ... on level 1 of the Dungeon.
             The game lasted 00:00:41 (53 turns).

IdlyInterested the Trooper (Demonspawn Fighter)       Turns: 53, Time: 00:00:41

Health: 0/18       AC:  7    Str: 16    XL:     1   Next: 75%
Magic:  1/1        EV:  8    Int:  9    God:
Gold:   0          SH:  4    Dex: 12    Spells: 0/0 levels left

rFire   . . .      SeeInvis .    a - +0 rapier
rCold   . . .      Faith    .    c - +0 buckler
rNeg    . . .      Spirit   .    b - +0 scale mail
rPois   .          Reflect  .    (no helmet)
rElec   .          Harm     .    (no cloak)
rCorr   .          Rampage  .    (no gloves)
Will    .....                    f - +0 pair of boots
Stlth   ..........               (no amulet)
HPRegen 0.23/turn                (no ring)
MPRegen 0.07/turn                (no ring)

@: lethally poisoned (0 -> -26)
A: no striking features
a: no special abilities


You were on level 1 of the Dungeon.
You visited 1 branch of the dungeon, and saw 1 of its levels.

Inventory:

Hand Weapons
 a - a +0 rapier (weapon)
Missiles
 e - 5 stones (quivered)
Armour
 b - a +0 scale mail (worn)
 c - a +0 buckler (worn)
 f - a +0 pair of boots (worn)
Scrolls
 g - a scroll of torment {unknown}
 h - a scroll of identify {unknown}
Potions
 d - a potion of might


   Skills:
 - Level 3.0 Fighting
 + Level 1.9 Short Blades
 - Level 3.0 Armour
 * Level 0.2 Dodging
 - Level 2.6 Shields


You couldn't memorise any spells.
You didn't know any spells.
Your spell library was empty.

Dungeon Overview and Level Annotations

Branches:
Dungeon (1/15)

Altars:


Message History

You see here a scroll labelled BOSUTHR RUKE.
h - a scroll labelled BOSUTHR RUKE You block the quokka's attack.
You barely miss the quokka. The quokka closely misses you.
You puncture the quokka!
You kill the quokka!
Training target 3.0 for Armour reached!
Your Armour skill increases to level 3!
Found a robe. 2 kobolds and an endoplasm come into view.
A kobold is wielding a +1 dagger of venom.
The kobold shouts! x2
The endoplasm quivers.
You hear a shout!
A kobold comes into view. It is wielding a +0 short sword.
The kobold shouts!
The kobold hits you but does no damage.
A kobold comes into view. It is wielding a +0 club.
The kobold hits you with a +0 dagger. The kobold attacks as you move away!
The kobold closely misses you.
You closely miss the kobold. The kobold hits you with a +0 dagger.
You hit the kobold.
The kobold is severely wounded.
The kobold hits you with a +0 dagger.
You hit the kobold.
You kill the kobold!
The endoplasm jiggles.
You hit the kobold but do no damage.
The kobold hits you but does no damage. x2
You are poisoned.
You hit the kobold but do no damage.
You feel very sick. The kobold hits you but does no damage.
You are lethally poisoned!
You closely miss the kobold.
You feel very sick.
The endoplasm jiggles.
The kobold hits you but does no damage.
You are more poisoned.
You closely miss the kobold.
You die...

## .. .. ##. ##..
...####### ...##
#.#.#^#.#.# #...
#..#.#.#.#. .##...###
######.#.#.≈≈≈≈≈
........####.......#.#≈.<.≈
.......JKK@..##.#.#.#.≈...≈
........#######.#..#.#≈...≈
..#......#####..#.#.#.~~~~~
.......K...........#.#.#.#.
.....#............#.#.#.#.#
.......................)...
.......$...................
....K..[................#..
......................#####


You could see an endoplasm and 2 kobolds.

Vanquished Creatures
  A dart slug (D:1)
  A quokka (D:1)
  2 kobolds (D:1)
4 creatures vanquished.

Notes
Turn   | Place    | Note
-------+----------+-------------------------------------------
     0 | D:1      | IdlyInterested the Demonspawn Fighter began the quest for
                  | the Orb.
     0 | D:1      | Reached XP level 1. HP: 18/18 MP: 1/1
    53 | D:1      | Succumbed to a kobold's poison

Illustrated notes

Levels and vault maps discovered:
D:1:      ncdulo_watergridlock, layout_rooms, chequers_hall_statues_corner_a

Skill      XL: |  1 |
---------------+----+-----
Armour         | 3 |  3.0
Fighting       | |  3.0
Short Blades   | |  1.9
Dodging        | |  0.2
Shields        | |  2.6

Action                   || total
-------------------------++-------
Melee: Rapier            ||    12
Armor: Scale mail        ||     5
Dodge: Dodged            ||     2
Block: Buckler           ||     2

Table legend: (Time is in decaauts)
 A = Elapsed time spent in this place.
 B = Non-inter-level travel time spent in this place.
 C = Inter-level travel time spent in this place.
 D = Time resting spent in this place.
 E = Time spent auto-exploring this place.
 F = Levels seen in this place.
 G = Mean time per level.
                   A        B        C        D        E       F      G
               +--------+--------+--------+--------+--------+-----+--------+
         Total |     55 |     55 |      0 |      0 |     10 |   1 |   55.0 |
       Dungeon |     55 |     55 |      0 |      0 |     10 |   1 |   55.0 |
               +--------+--------+--------+--------+--------+-----+--------+

Top non-repeatable levels by time:
     D:1: 55 daAuts
